 Dungeon Crawl Stone Soup version 0.21.1-1-g345015f (webtiles) character file.

96 lotte the Magician (level 4, -1/24 HPs)
             Began as a Deep Elf Ice Elementalist on July 5, 2018.
             Slain by Grinder (8 damage)
             ... while paralysed by Grinder
             ... on level 3 of the Dungeon.
             The game lasted 00:10:03 (3230 turns).

lotte the Magician (Deep Elf Ice Elementalist)      Turns: 3230, Time: 00:10:04

Health: -1/24      AC:  3    Str:  5    XL:     4   Next: 41%
Magic:  4/12       EV:  2    Int: 21    God:
Gold:   129        SH:  0    Dex: 15    Spells: 4/12 levels left

rFire    . . .     SeeInvis .   (no weapon)
rCold    . . .     Gourm    .   (no shield)
rNeg     . . .     Faith    .   a - +0 robe
rPois    .         Spirit   .   (no helmet)
rElec    .         Reflect  .   (no cloak)
rCorr    .         Harm     .   (no gloves)
MR       .....                  g - +0 pair of boots
Stlth    ++........             (no amulet)
HPRegen  0.08/turn              (no ring)
MPRegen  0.13/turn              (no ring)

@: paralysed, very slightly contaminated
A: no striking features
a: no special abilities


You were on level 3 of the Dungeon.
You were very hungry.

You visited 1 branch of the dungeon, and saw 3 of its levels.

You collected 129 gold pieces.

Inventory:

Armour
 a - a +0 robe (worn)
 g - a +0 pair of boots (worn)
Scrolls
 d - 2 scrolls of remove curse {unknown}
 f - 4 scrolls of identify {unknown}
 j - a scroll of fear {unknown}
 l - a scroll of blinking {unknown}
 n - a scroll of enchant weapon {unknown}
 o - a scroll of teleportation {unknown}
 p - a scroll of magic mapping {unknown}
Potions
 e - a potion of brilliance {unknown}
 h - a potion of curing {unknown}
 i - a potion of might {unknown}
 k - a potion of degeneration {unknown}
Books
 b - a book of Frost

   Spells                             Type                      Level
   a - Freeze                         Ice                          1
   b - Throw Frost                    Conjuration/Ice              2
   c - Ozocubu's Armour               Charms/Ice                   3
   d - Throw Icicle                   Conjuration/Ice              4
   e - Summon Ice Beast               Ice/Summoning                4
Comestibles
 c - a ration


   Skills:
 - Level 2.4 Dodging
 - Level 2.4 Stealth
 + Level 4.9 Spellcasting
   Level 1.1 Conjurations
 + Level 4.7 Ice Magic


You had 4 spell levels left.
You knew the following spells:

 Your Spells              Type           Power        Failure   Level  Hunger
a - Freeze                Ice            ####         1%          1    None
b - Ozocubu's Armour      Chrm/Ice       ###.....     12%         3    ##.....
c - Summon Ice Beast      Ice/Summ       ###.....     38%         4    ####...


Dungeon Overview and Level Annotations

Branches:
Dungeon (3/15)

Altars:
Cheibriados
Dithmenos
Hepliaklqana
Kikubaaqudgha
Nemelex Xobeh

Annotations:
D:3 Grinder


Message History

You don't have enough magic to cast that spell.
Grinder gestures at you.
You suddenly lose the ability to move!
Your ice beast hits Grinder.
Your ice beast freezes Grinder.
Grinder resists.
You can move again.
Grinder gestures at you. You resist with significant effort.
Your ice beast closely misses Grinder.
Grinder gestures at you. You resist with significant effort.
Your ice beast hits Grinder but does no damage.
Grinder grins, showing sharp teeth.
Grinder blinks!
Grinder hits you.
You writhe in agony.
Grinder gestures at you.
You suddenly lose the ability to move!
Grinder hits you.
You writhe in agony.
* * * LOW HITPOINT WARNING * * *
Your ice beast hits Grinder.
Your ice beast freezes Grinder.
Grinder resists.
Grinder hits you!
You die...

#................#
###..............##
#..............#.
##.###.........#.########
#.............#........#
#..#########..####...###
#..#.......#.....5...#
#..##..Y5.##÷.####...#
#........@.†..# #...#
#..P..........# #...#
###.P.###.P...# ###.#
#....#P...### #[#
#P...PP..P# .#
##P.PP...## ###...###
#####


You could see Grinder and a friendly ice beast.

Vanquished Creatures
  4 adders
  An ooze (D:1)
  A dart slug (D:2)
  2 leopard geckos
  3 giant cockroaches
  7 hobgoblins
  7 kobolds
  A quokka (D:3)
  A ball python (D:1)
  5 bats
  4 frilled lizards
  6 goblins (D:2)
  13 rats
55 creatures vanquished.

Notes
Turn   | Place    | Note
-------+----------+-------------------------------------------
     0 | D:1      | lotte the Deep Elf Ice Elementalist began the quest for the Orb.
     0 | D:1      | Reached XP level 1. HP: 10/10 MP: 6/6
   655 | D:1      | Reached XP level 2. HP: 12/15 MP: 4/8
  1318 | D:1      | Reached XP level 3. HP: 14/19 MP: 7/10
  2230 | D:2      | Found a hazy altar of Hepliaklqana.
  2497 | D:2      | Found a sparkling altar of Nemelex Xobeh.
  2502 | D:2      | Found a snail-covered altar of Cheibriados.
  2502 | D:2      | Found a shadowy altar of Dithmenos.
  2787 | D:3      | Reached XP level 4. HP: 24/24 MP: 8/12
  2939 | D:3      | Found an ancient bone altar of Kikubaaqudgha.
  3001 | D:3      | Learned a level 3 spell: Ozocubu's Armour
  3065 | D:3      | Noticed Grinder
  3068 | D:3      | Paralysed by Grinder for 2 turns
  3174 | D:3      | Learned a level 4 spell: Summon Ice Beast
  3216 | D:3      | Paralysed by Grinder for 2 turns
  3228 | D:3      | Paralysed by Grinder for 3 turns
  3230 | D:3      | Slain by Grinder

Skill      XL: |  1  2 |
---------------+-------+-----
Ice Magic      | 4 |  4.7
Spellcasting   | 4 |  4.9
Dodging        | |  2.4
Stealth        | |  2.4
Conjurations   | |  1.1

Action                   |  1- 3 |  4- 6 || total
-------------------------+-------+-------++-------
Melee: Unarmed           |     1 |       ||     1
 Cast: Freeze            |    66 |    17 ||    83
       Summon Ice Beast  |       |     2 ||     2
       Ozocubu's Armour  |       |     1 ||     1
  Eat: Chunk             |     5 |     1 ||     6
Armor: Robe              |     5 |     4 ||     9
Dodge: Dodged            |    33 |     6 ||    39
